Workbook
Name area: #REF!
Name cargo: #REF!
Name cargocontacto: #REF!
Name cargoresponsabledelaobra: #REF!
Name cargovendedor: #REF!
Name ciudad: #REF!
Name ciudadcliente: #REF!
Name ciudaddelaobra: #REF!
Name cmic: #REF!
Name CodigoAuxiliar: #REF!
Name codigodelaobra: #REF!
Name CodigoMatriz: #REF!
Name CodigoPartida: #REF!
Name codigopostalcliente: #REF!
Name codigopostaldelaobra: #REF!
Name codigovendedor: #REF!
Name colonia: #REF!
Name coloniacliente: #REF!
Name coloniadelaobra: #REF!
Name ColumnaCantidad: 'MATRIZ PRECIO UNITARIO'!$F$16
Name ColumnaCantidad: 'MATRIZ PRECIO UNITARIO (2)'!$F$16
Name ColumnaCantidad: 'MATRIZ PRECIO UNITARIO (3)'!$F$16
Name ColumnaCantidad: 'MATRIZ PRECIO UNITARIO (4)'!$F$16
Name ColumnaCantidad: 'MATRIZ PRECIO UNITARIO (5)'!$F$16
Name ColumnaImporte: 'MATRIZ PRECIO UNITARIO'!$G$16
Name ColumnaImporte: 'MATRIZ PRECIO UNITARIO (2)'!$G$16
Name ColumnaImporte: 'MATRIZ PRECIO UNITARIO (3)'!$G$16
Name ColumnaImporte: 'MATRIZ PRECIO UNITARIO (4)'!$G$16
Name ColumnaImporte: 'MATRIZ PRECIO UNITARIO (5)'!$G$16
Name ColumnaPorcentaje: 'MATRIZ PRECIO UNITARIO'!$H$16
Name ColumnaPorcentaje: 'MATRIZ PRECIO UNITARIO (2)'!$H$16
Name ColumnaPorcentaje: 'MATRIZ PRECIO UNITARIO (3)'!$H$16
Name ColumnaPorcentaje: 'MATRIZ PRECIO UNITARIO (4)'!$H$16
Name ColumnaPorcentaje: 'MATRIZ PRECIO UNITARIO (5)'!$H$16
Name contactocliente: #REF!
Name CostoMatriz1: #REF!
Name CostoMatriz2: #REF!
Name decimalesredondeo: #REF!
Name departamento: #REF!
Name DescripcionMatriz: #REF!
Name DescripcionPartidaCorta: #REF!
Name DescripcionPartidaLarga: #REF!
Name DetalleTipo1: 'MATRIZ PRECIO UNITARIO'!#REF!
Name DetalleTipo1: 'MATRIZ PRECIO UNITARIO (2)'!#REF!
Name DetalleTipo1: 'MATRIZ PRECIO UNITARIO (3)'!#REF!
Name DetalleTipo1: 'MATRIZ PRECIO UNITARIO (4)'!#REF!
Name DetalleTipo1: 'MATRIZ PRECIO UNITARIO (5)'!#REF!
Name DetalleTipo1: #REF!
Name DetalleTipo2: 'MATRIZ PRECIO UNITARIO'!#REF!
Name DetalleTipo2: 'MATRIZ PRECIO UNITARIO (2)'!#REF!
Name DetalleTipo2: 'MATRIZ PRECIO UNITARIO (3)'!#REF!
Name DetalleTipo2: 'MATRIZ PRECIO UNITARIO (4)'!#REF!
Name DetalleTipo2: 'MATRIZ PRECIO UNITARIO (5)'!#REF!
Name DetalleTipo2: #REF!
Name DetalleTipo3: 'MATRIZ PRECIO UNITARIO'!#REF!
Name DetalleTipo3: 'MATRIZ PRECIO UNITARIO (2)'!#REF!
Name DetalleTipo3: 'MATRIZ PRECIO UNITARIO (3)'!#REF!
Name DetalleTipo3: 'MATRIZ PRECIO UNITARIO (4)'!#REF!
Name DetalleTipo3: 'MATRIZ PRECIO UNITARIO (5)'!#REF!
Name DetalleTipo3: #REF!

Sheet TABLEROS DE AISLAMIENTOS
A1: TODOPROYECTOS1 CONSTRUCCIONES Y PROYECTOS
A3: Cliente: | B3: REFORMA
C4: Fecha: | D4: 45959
A6: Concurso No. | B6: 1001
A7: Obra: | B7: Tableros de aislamientos
A8: Proveedor #: | B8: RM CONSTRUCCIONES Y PROYECTOS | D8: Plazo de entrega: | F8: 4 SEMANAS
E9: Solicitante: | F9: COMPRAS
E10: Departamento: | F10: COMPRAS
A12: Lugar: | B12: Ciudad de México, Ciudad de México
A13: PRESUPUESTO DE OBRA
A15: ITEM | B15: Concepto | C15: Unidad | D15: Cantidad | E15: P. Unitario | F15: Importe | G15: %
A16: 0 | B16: TABLEROS DE AISLAMIENTOS
A17: 1 | B17: Instalacion de Tablero de aislamiento de 5 KVA, Mca. Bender, relación de transformación 220/120 VCA, que incluye lo siguiente: Interior Cat. MIPSP08-6DR6 con: | C17: pza | D17: 12 | E17: ='MATRIZ PRECIO UNITARIO'!G19 -> 4949.172 | F17: =E17*D17 -> 59390.064
A18: 2 | B18: IDENTIFICACION DE CIRCUITOS ELECTRICOS EN TABLEROS EXISTENTES ,PARA LA CONSERVACION DE ENERGIA ELECTRICA EN PISOS Y AREAS DIFERENTES A PISO 2 INCLUYE : EQUIPO ELECTRICO PARA MEDICION , HERRAMIENTA Y MANO DE OBRA. Y TODO LO NECESARIO PARA SU CORRECTA EJECUCIÓN, DE ACUERDO CON LA CALIDAD DE MATERIALES MENCIONADOS EN LOS LINEAMIENTOS , PRUEBAS DE CERTIFICACIONES DE ACUERDO A LAS NORMAS OFICIALES MEXICANAS Y NORMATIVIDAD DEL IMSS. | C18: pza | D18: 12 | E18: ='MATRIZ PRECIO UNITARIO (2)'!G61 -> 674.9172 | F18: =E18*D18 -> 8099.0064
A19: 3 | B19: DESMANTELAMIENTO DE TABLEROS DE AISLAMIENTOS ELECTRICOS Y CABLEADO ELECTRICO EN TABLEROS EXISTENTES EN LA UCIA | C19: pza | D19: 12 | E19: ='MATRIZ PRECIO UNITARIO (3)'!G61 -> 2334.9172 | F19: =E19*D19 -> 28019.006
A20: 4 | B20: INSTALACION DE BASES PARA TABLEROS DE AISLAMIENTOS, NO UNCLUYE LA OBRA CIVIL NI DESMANTELAMIENTO DE MURO DE DUROCK O TABLAROCA, ASI COMO EL REVESTIMIENTO DEL MURO DE TABLAROCA | C20: pza | D20: 12 | E20: ='MATRIZ PRECIO UNITARIO (4)'!G61 -> 1322.4172 | F20: =E20*D20 -> 15869.006
A21: 5 | B21: ADAPTACION DE LA CANALIZACION, Y AMPLIACION DE ESTA Y SE CONSIDERA HACER EL REMATE A EL TABLERO CON TUBO LIQUATITE | C21: pza | D21: 12 | E21: ='MATRIZ PRECIO UNITARIO (5)'!G61 -> 17634.917 | F21: =E21*D21 -> 211619.01
A22: 6 | B22: SUMINISTRO E INSTALACIÓN DE CABLE DE LA MARCA CONDUMEX TIPO XHHW, CALIBRE 12 AWG. EN CONTACTOS NORMALES , INCLUYE: CORTES, DESPERDICIOS, ACARREOS, EMPALMES, CINTA, FIJACIÓN, ANCLAJE, PRUEBAS, EQUIPO, , HERRAMIENTA, MANO DE OBRA. ,Y TODO LO NECESARIO PARA SU CORRECTA EJECUCIÓN, DE ACUERDO CON LA CALIDAD DE MATERIALES MENCIONADOS EN LOS LINEAMIENTOS , PRUEBAS DE CERTIFICACIONES DE ACUERDO A LAS NORMAS OFICIALES MEXICANAS Y NORMATIVIDAD DEL IMSS. | C22: METRO | D22: 1300 | E22: 75 | F22: =E22*D22 -> 97500
A23: 7 | B23: SUMINISTRO E INSTALACIÓN DE CIRCUITO ELÉCTRICO PARA ILUMINACIÓN DE ENCAMADO DESDE CONSOLA DE ENCAMADOS INCLUYE CABLE CALIBRE 12 AWG, CABLE DESNUDO CALIBRE 12, CABLE AISLADO CAL. 12 ,CANALIZACIÓN CON TUBERIA CONDUIT, CAJA RACO GALVANIZADA, MANO DE OBRA, EQUIPO Y HERRAMIENTA. HASTA 12.00 M DE DISTANCIA.) INCLUYE COLOCACION LIMPIEZA,CARGO POR HERRAMIENTA, CARGO DIRECTO POR EL COSTO DE LOS MATERIALES Y MANO DE OBRA QUE INTERVENGA, ACARREO HASTA EL LUGAR DE SU UTILIZACION, TRAZO,CORTES,DOBLADILLOS 10% DE HOLGURA,, PRUEBAS DE CERTIFICACIONES DE ACUERDO A LAS NORMAS OFICIALES MEXICANAS Y NORMATIVIDAD DEL IMSS. | C23: SALIDA | D23: 12 | E23: 2000 | F23: =E23*D23 -> 24000
A24: 8 | B24: UMINISTRO E INSTALACIÓN DE CABLE DE LA MARCA CONDUMEX DE TIPO THW-LS75° C, CALIBRE 12 AWG. DESNUDO INCLUYE: CORTES, DESPERDICIOS, ACARREOS, EMPALMES, CINTA, FIJACIÓN, ANCLAJE, PRUEBAS, EQUIPO, HERRAMIENTA, MANO DE OBRA Y TODO LO NECESARIO PARA SU CORRECTA EJECUCIÓN, DE ACUERDO CON LA CALIDAD DE MATERIALES MENCIONADOS EN LOS LINEAMIENTOS , PRUEBAS DE CERTIFICACIONES DE ACUERDO A LAS NORMAS OFICIALES MEXICANAS Y NORMATIVIDAD DEL IMSS. | C24: METRO | D24: 180 | E24: 50 | F24: =E24*D24 -> 9000
A25: 9 | B25: PRUEBAS DE FUNCIONAMIENTO DE TABLEROS, CONTACTOS Y APAGADORES ELECTRICOS. | C25: SERV | D25: 12 | E25: 1800 | F25: =E25*D25 -> 21600
E27: SUBTOTAL | F27: =SUM(F17:F26) -> 475096.09
E28: IVA | F28: =F27*0.16 -> 76015.374
E29: TOTAL | F29: =F27*1.16 -> 551111.46
A31: TOTAL DEL PRESUPUESTO MOSTRADO SIN IVA:
A32: 50% de anticipo Para suministros de materiales y el saldo restantate de acuerdo avances de trabajos con estimacion semanales
A33: NOTA: LOS TRABAJOS SE REALIZAN DE LUNES A DOMINGO DE 8 A.M. A 19 HRS Y SABADOS DE 8 A 17 HRS
A35: La presente cotización tiene una vigencia de 15 días a partir de esta fecha. Los precios unitarios serán ajustados de acuerdo a las escalatorias de los costos de mercado. Una vez asignada la PO será habilitado el material conforme a información proporcionada por EL CLIENTE. NO se realizarán ajustes adicionales una vez revisado el alcance con el supervisor encargado del proyecto, debido a que esto implica mayor inversión de recursos. En el caso que se presenten dichos ajustes se enviará el presupuesto adicional correspondiente a compras, aprobado el presupuesto adicional se realizarán las modificaciones.

Sheet MATRIZ PRECIO UNITARIO
A14: ANALISIS DE PRECIOS UNITARIOS
A16: Código | B16: Concepto | C16: Unidad | D16: P. Unitario | F16: Cantidad | G16: Importe | H16: %
A17: Partida: | B17: 1 | C17: Análisis No.:
A18: 1
A19: Análisis: | B19: ITEM 1.1 | D19: SERVICIO | E19: 1 | G19: =G61 -> 4949.172
A20: Instalacion de Tablero de aislamiento de 5 KVA, Mca. Bender, relación de transformación 220/120 VCA NOTA: INCLUYE ACARREOS
A27: MANO DE OBRA
G28: =F28*D28 -> 0
A29: CUA0025.1 | B29: 1 Oficial electrico + 2 Ayudantes (Instalación) | C29: jor | D29: 1160 | E29: * | F29: 2 | G29: =F29*D29 -> 2320
A30: SUP001 | B30: Supervisor de obra | C30: jor | D30: 500 | E30: * | F30: 2 | G30: =F30*D30 -> 1000
F31: 0
A32: SUBTOTAL: | B32: MANO DE OBRA | G32: =SUM(G28:G31) -> 3320
A34: MATERIALES
A35: TABAIS 1 | B35: cinta de aislar | C35: pza | D35: 60 | E35: * | F35: 1 | G35: =F35*D35 -> 60
A36: SEV01 | B36: lote de tornillerias y clemas | C36: pza | D36: 100 | E36: * | F36: 1 | G36: =F36*D36 -> 100
A45: SUBTOTAL: | B45: MATERIALES | G45: =SUM(G35:G44) -> 160
A48: EQUIPO Y HERRAMIENTA
A49: MO174 | B49: Herramienta Menor | C49: (%)MO | D49: 15977.92 | E49: * | F49: 0.01 | G49: =F49*D49 -> 159.7792
A50: MO172 | B50: Equipo de Seguridad | C50: (%)MO | D50: 15977.92 | E50: * | F50: 0.01 | G50: =F50*D50 -> 159.7792
A51: %MO120 | B51: Acarreo de Materiales | C51: (%)MO | D51: 15977.92 | E51: * | F51: 0.01 | G51: =F51*D51 -> 159.7792
A52: SUBTOTAL: | B52: EQUIPO Y HERRAMIENTA | G52: =SUM(G49:G51) -> 479.3376
B55: (CD) Costo directo | G55: =G52+G45+G32 -> 3959.3376
B56: (CI) INDIRECTOS | G56: =G55*0.125 -> 494.9172
B57: SUBTOTAL1
B58: (CF) FINANCIAMIENTO | F58: 0 | G58: 0
B59: SUBTOTAL2 | G59: 0
B60: (CU) UTILIDAD | G60: =G55*0.125 -> 494.9172
B61: PRECIO UNITARIO (CD+CI+CF+CU) | G61: =G55+G56+G60 -> 4949.172
B62: (* CIENTO NOVENTA Y SEIS MIL SEISCIENTOS SESENTA Y SEIS PESOS 74/100 M.N. *)

Sheet MATRIZ PRECIO UNITARIO (2)
A14: ANALISIS DE PRECIOS UNITARIOS
A16: Código | B16: Concepto | C16: Unidad | D16: P. Unitario | F16: Cantidad | G16: Importe | H16: %
A17: Partida: | B17: 1 | C17: Análisis No.:
A18: 1
A19: Análisis: | B19: ITEM 1.1 | D19: SERVICIO | E19: 1 | G19: =G61 -> 674.9172
A20: Identificacion de circuitos NOTA: INCLUYE ACARREOS
A27: MANO DE OBRA
G28: =F28*D28 -> 0
A29: CUA0025.1 | B29: 1 Oficial electrico + 2 Ayudantes (Instalación) | C29: jor | D29: 1160 | E29: * | F29: 0.2 | G29: =F29*D29 -> 232
A30: SUP001 | B30: Supervisor de obra | C30: jor | D30: 500 | E30: * | F30: 0.2 | G30: =F30*D30 -> 100
F31: 0
A32: SUBTOTAL: | B32: MANO DE OBRA | G32: =SUM(G28:G31) -> 332
A34: MATERIALES
A35: TABAIS 1 | B35: cinta de aislar | C35: pza | D35: 60 | E35: * | F35: 1 | G35: =F35*D35 -> 60
A36: SEV01 | B36: lote de tornillerias y clemas | C36: pza | D36: 100 | E36: * | F36: 1 | G36: =F36*D36 -> 100
A45: SUBTOTAL: | B45: MATERIALES | G45: =SUM(G35:G44) -> 160
A48: EQUIPO Y HERRAMIENTA
A49: MO174 | B49: Herramienta Menor | C49: (%)MO | D49: 15977.92 | E49: * | F49: 0.001 | G49: =F49*D49 -> 15.97792
A50: MO172 | B50: Equipo de Seguridad | C50: (%)MO | D50: 15977.92 | E50: * | F50: 0.001 | G50: =F50*D50 -> 15.97792
A51: %MO120 | B51: Acarreo de Materiales | C51: (%)MO | D51: 15977.92 | E51: * | F51: 0.001 | G51: =F51*D51 -> 15.97792
A52: SUBTOTAL: | B52: EQUIPO Y HERRAMIENTA | G52: =SUM(G49:G51) -> 47.93376
B55: (CD) Costo directo | G55: =G52+G45+G32 -> 539.93376
B56: (CI) INDIRECTOS | G56: =G55*0.125 -> 67.49172
B57: SUBTOTAL1
B58: (CF) FINANCIAMIENTO | F58: 0 | G58: 0
B59: SUBTOTAL2 | G59: 0
B60: (CU) UTILIDAD | G60: =G55*0.125 -> 67.49172
B61: PRECIO UNITARIO (CD+CI+CF+CU) | G61: =G55+G56+G60 -> 674.9172
B62: (* CIENTO NOVENTA Y SEIS MIL SEISCIENTOS SESENTA Y SEIS PESOS 74/100 M.N. *)

Sheet MATRIZ PRECIO UNITARIO (3)
A14: ANALISIS DE PRECIOS UNITARIOS
A16: Código | B16: Concepto | C16: Unidad | D16: P. Unitario | F16: Cantidad | G16: Importe | H16: %
A17: Partida: | B17: 1 | C17: Análisis No.:
A18: 1
A19: Análisis: | B19: ITEM 1.1 | D19: SERVICIO | E19: 1 | G19: =G61 -> 2334.9172
A20: DESMONTAJE DE CIRCUITOS ELECTRICOS Y TABLEROS NOTA: INCLUYE ACARREOS
A27: MANO DE OBRA
G28: =F28*D28 -> 0
A29: CUA0025.1 | B29: 1 Oficial electrico + 2 Ayudantes (Instalación) | C29: jor | D29: 1160 | E29: * | F29: 1 | G29: =F29*D29 -> 1160
A30: SUP001 | B30: Supervisor de obra | C30: jor | D30: 500 | E30: * | F30: 1 | G30: =F30*D30 -> 500
F31: 0
A32: SUBTOTAL: | B32: MANO DE OBRA | G32: =SUM(G28:G31) -> 1660
A34: MATERIALES
A35: TABAIS 1 | B35: cinta de aislar | C35: pza | D35: 60 | E35: * | F35: 1 | G35: =F35*D35 -> 60
A36: SEV01 | B36: lote de tornillerias y clemas | C36: pza | D36: 100 | E36: * | F36: 1 | G36: =F36*D36 -> 100
A45: SUBTOTAL: | B45: MATERIALES | G45: =SUM(G35:G44) -> 160
A48: EQUIPO Y HERRAMIENTA
A49: MO174 | B49: Herramienta Menor | C49: (%)MO | D49: 15977.92 | E49: * | F49: 0.001 | G49: =F49*D49 -> 15.97792
A50: MO172 | B50: Equipo de Seguridad | C50: (%)MO | D50: 15977.92 | E50: * | F50: 0.001 | G50: =F50*D50 -> 15.97792
A51: %MO120 | B51: Acarreo de Materiales | C51: (%)MO | D51: 15977.92 | E51: * | F51: 0.001 | G51: =F51*D51 -> 15.97792
A52: SUBTOTAL: | B52: EQUIPO Y HERRAMIENTA | G52: =SUM(G49:G51) -> 47.93376
B55: (CD) Costo directo | G55: =G52+G45+G32 -> 1867.9338
B56: (CI) INDIRECTOS | G56: =G55*0.125 -> 233.49172
B57: SUBTOTAL1
B58: (CF) FINANCIAMIENTO | F58: 0 | G58: 0
B59: SUBTOTAL2 | G59: 0
B60: (CU) UTILIDAD | G60: =G55*0.125 -> 233.49172
B61: PRECIO UNITARIO (CD+CI+CF+CU) | G61: =G55+G56+G60 -> 2334.9172
B62: (* CIENTO NOVENTA Y SEIS MIL SEISCIENTOS SESENTA Y SEIS PESOS 74/100 M.N. *)

Sheet MATRIZ PRECIO UNITARIO (4)
A14: ANALISIS DE PRECIOS UNITARIOS
A16: Código | B16: Concepto | C16: Unidad | D16: P. Unitario | F16: Cantidad | G16: Importe | H16: %
A17: Partida: | B17: 1 | C17: Análisis No.:
A18: 1
A19: Análisis: | B19: ITEM 1.1 | D19: SERVICIO | E19: 1 | G19: =G61 -> 1322.4172
A20: Instalacion de bases para tablero de aislamiento a base de PTR y angulo NOTA: INCLUYE ACARREOS
A27: MANO DE OBRA
G28: =F28*D28 -> 0
A29: CUA0025.1 | B29: 1 Oficial electrico + 2 Ayudantes (Instalación) | C29: jor | D29: 1160 | E29: * | F29: 0.5 | G29: =F29*D29 -> 580
A30: SUP001 | B30: Supervisor de obra | C30: jor | D30: 500 | E30: * | F30: 0.5 | G30: =F30*D30 -> 250
F31: 0
A32: SUBTOTAL: | B32: MANO DE OBRA | G32: =SUM(G28:G31) -> 830
A34: MATERIALES
A35: TABAIS 1 | B35: taquetes | C35: pza | D35: 20 | E35: * | F35: 4 | G35: =F35*D35 -> 80
A36: SEV01 | B36: lote de tornillerias y clemas | C36: pza | D36: 100 | E36: * | F36: 1 | G36: =F36*D36 -> 100
A45: SUBTOTAL: | B45: MATERIALES | G45: =SUM(G35:G44) -> 180
A48: EQUIPO Y HERRAMIENTA
A49: MO174 | B49: Herramienta Menor | C49: (%)MO | D49: 15977.92 | E49: * | F49: 0.001 | G49: =F49*D49 -> 15.97792
A50: MO172 | B50: Equipo de Seguridad | C50: (%)MO | D50: 15977.92 | E50: * | F50: 0.001 | G50: =F50*D50 -> 15.97792
A51: %MO120 | B51: Acarreo de Materiales | C51: (%)MO | D51: 15977.92 | E51: * | F51: 0.001 | G51: =F51*D51 -> 15.97792
A52: SUBTOTAL: | B52: EQUIPO Y HERRAMIENTA | G52: =SUM(G49:G51) -> 47.93376
B55: (CD) Costo directo | G55: =G52+G45+G32 -> 1057.9338
B56: (CI) INDIRECTOS | G56: =G55*0.125 -> 132.24172
B57: SUBTOTAL1
B58: (CF) FINANCIAMIENTO | F58: 0 | G58: 0
B59: SUBTOTAL2 | G59: 0
B60: (CU) UTILIDAD | G60: =G55*0.125 -> 132.24172
B61: PRECIO UNITARIO (CD+CI+CF+CU) | G61: =G55+G56+G60 -> 1322.4172
B62: (* CIENTO NOVENTA Y SEIS MIL SEISCIENTOS SESENTA Y SEIS PESOS 74/100 M.N. *)

Sheet MATRIZ PRECIO UNITARIO (5)
A14: ANALISIS DE PRECIOS UNITARIOS
A16: Código | B16: Concepto | C16: Unidad | D16: P. Unitario | F16: Cantidad | G16: Importe | H16: %
A17: Partida: | B17: 1 | C17: Análisis No.:
A18: 1
A19: Análisis: | B19: ITEM 1.1 | D19: SERVICIO | E19: 1 | G19: =G61 -> 17634.917
A20: ADAPTACION DE LA CANALIZACION, Y AMPLIACION DE ESTA Y SE CONSIDERA HACER EL REMATE A EL TABLERO CON TUBO LIQUATITE
A27: MANO DE OBRA
G28: =F28*D28 -> 0
A29: CUA0025.1 | B29: 1 Oficial electrico + 2 Ayudantes (Instalación) | C29: jor | D29: 1160 | E29: * | F29: 1 | G29: =F29*D29 -> 1160
A30: SUP001 | B30: Supervisor de obra | C30: jor | D30: 500 | E30: * | F30: 1 | G30: =F30*D30 -> 500
F31: 0
A32: SUBTOTAL: | B32: MANO DE OBRA | G32: =SUM(G28:G31) -> 1660
A34: MATERIALES
A35: TABAIS 1 | B35: tuberia de galvanizada 3/4 | C35: metros | D35: 50 | E35: * | F35: 80 | G35: =F35*D35 -> 4000
A36: SEV01 | B36: Tubo Licuatite D 3/4 C- 2 Conectores Rectos De 3/4pLG | C36: metros | D36: 210 | E36: * | F36: 40 | G36: =F36*D36 -> 8400
A45: SUBTOTAL: | B45: MATERIALES | G45: =SUM(G35:G44) -> 12400
A48: EQUIPO Y HERRAMIENTA
A49: MO174 | B49: Herramienta Menor | C49: (%)MO | D49: 15977.92 | E49: * | F49: 0.001 | G49: =F49*D49 -> 15.97792
A50: MO172 | B50: Equipo de Seguridad | C50: (%)MO | D50: 15977.92 | E50: * | F50: 0.001 | G50: =F50*D50 -> 15.97792
A51: %MO120 | B51: Acarreo de Materiales | C51: (%)MO | D51: 15977.92 | E51: * | F51: 0.001 | G51: =F51*D51 -> 15.97792
A52: SUBTOTAL: | B52: EQUIPO Y HERRAMIENTA | G52: =SUM(G49:G51) -> 47.93376
B55: (CD) Costo directo | G55: =G52+G45+G32 -> 14107.934
B56: (CI) INDIRECTOS | G56: =G55*0.125 -> 1763.4917
B57: SUBTOTAL1
B58: (CF) FINANCIAMIENTO | F58: 0 | G58: 0
B59: SUBTOTAL2 | G59: 0
B60: (CU) UTILIDAD | G60: =G55*0.125 -> 1763.4917
B61: PRECIO UNITARIO (CD+CI+CF+CU) | G61: =G55+G56+G60 -> 17634.917
B62: (* CIENTO NOVENTA Y SEIS MIL SEISCIENTOS SESENTA Y SEIS PESOS 74/100 M.N. *)
